 Dungeon Crawl Stone Soup version 0.30.0-30-g96aa6591b8 (webtiles) character file.

Game seed: 6081514523361818413

59 Heoruswealwe the Magician (level 3, -6/19 HPs)
             Began as a Deep Elf Earth Elementalist on June 30, 2023.
             Mangled by an orc priest
             ... wielding a +0 flail
              (7 damage)
             ... on level 2 of the Dungeon.
             The game lasted 00:13:22 (1107 turns).

Heoruswealwe the Magician (DEEE)                    Turns: 1107, Time: 00:13:23

Health: -6/19      AC:  3    Str:  5    XL:     3   Next: 78%
Magic:  10/11      EV: 12    Int: 21    God:
Gold:   29         SH:  0    Dex: 15    Spells: 8/11 levels left

rFire   . . .        b - +2 hand axe (elec)
rCold   . . .        (no shield)
rNeg    . . .        c - +0 robe
rPois   .            (no helmet)
rElec   .            (no cloak)
rCorr   .            (no gloves)
SInv    .            e - +0 pair of boots
Will    .....        (no amulet)
Stlth   ++           (no ring)
HPRegen 0.23/turn    (no ring)
MPRegen 0.12/turn

%: no passive effects
@: no status effects
A: no striking features
a: no special abilities


You were on level 2 of the Dungeon.
You visited 1 branch of the dungeon, and saw 2 of its levels.

You collected 29 gold pieces.

Inventory:

Hand Weapons
 b - a +2 hand axe of electrocution (weapon)
Armour
 c - a +0 robe (worn)
 e - a +0 pair of boots (worn)
 k - a +0 robe
Scrolls
 a - a scroll of identify {unknown}
 f - a scroll of fear {unknown}
 g - a scroll of magic mapping {unknown}
 h - a scroll of enchant armour {unknown}
 j - a scroll of silence {unknown}
Potions
 d - a potion of magic
 i - a potion of flight


   Skills:
 - Level 2.4 Dodging
 - Level 2.4 Stealth
 + Level 4.5 Spellcasting
 - Level 1.1 Transmutations
 + Level 4.4 Earth Magic


You had 8 spell levels left.
You knew the following spells:

 Your Spells              Type           Power      Damage    Failure   Level
a - Sandblast             Erth           46%        2d11      1%          1
z - Passwall              Tmut/Erth      13%        N/A       5%          2

Your spell library contained the following spells:

 Spells                   Type           Power      Damage    Failure   Level
 Stone Arrow              Conj/Erth      28%        3d8       14%         3
 Petrify                  Tmut/Erth      16%        N/A       36%         4


Dungeon Overview and Level Annotations

Branches:
Dungeon (2/15)

Altars:

Annotations:
D:1 pit


Message History

It was a potion of flight.
You feel very buoyant.
You fly up into the air.
Something hits you but does no damage. Something hits you but does no damage.
An orc comes into view. It is wielding a +2 mace of draining.
There is a stone staircase leading up here.
You fly upwards.
Level annotation: pit Reactivating autopickup.
There is a stone staircase leading down here.
Something hits you but does no damage.
Deactivating autopickup; reactivate with Ctrl-A.
Casting: Sandblast (safe; 2% risk of failure)
Confirm with . or Enter, or press ? or * to list all spells.
Aiming: Sandblast (safe; 2% risk of failure)
Press: ? - help, Shift-Dir - straight line The blast of sand hits something!
Reactivating autopickup.
You feel a bit more experienced.
Things that are here:
a +0 dagger; a +0 robe; an orc corpse
k - a +0 robe
There is a stone staircase leading down here.
You are starting to lose your buoyancy.
You float gracefully downwards.
HP restored.
Magic restored.
Done exploring.
You climb downwards.
The orc priest hits you with a +0 flail.
There is a stone staircase leading up here.
The blast of sand hits the orc priest!
The orc priest is almost dead.
The orc priest invokes the aid of Beogh against you.
Beogh smites you!
Ouch! That really hurt!
* * * LOW HITPOINT WARNING * * *
The orc completely misses you.
The orc priest hits you with a +0 flail!
You die...

#.# #.. #.#
.... #.# ....
#.####### .....
#.#.....#
.....##.#.....#
..............#
..............#
###....o@.....#
...####o#.....#
## #.#.....#
#o####### #o###
o #.####.#.+


oJ. #.$......#h.... #.).......go... #..?.........[. You could see an orc priest
and 3 orcs.

Vanquished Creatures
  An orc wizard (D:1)
  A worm (D:2)
  A giant cockroach (D:2)
  5 goblins (D:1)
  4 hobgoblins
  4 jackals
  2 quokkas (D:1)
  2 ball pythons (D:1)
  A bat (D:1)
  2 frilled lizards (D:1)
  4 kobolds (D:1)
  A rat (D:1)
28 creatures vanquished.

Notes
Turn   | Place    | Note
-------+----------+-------------------------------------------
     0 | D:1      | Heoruswealwe the Deep Elf Earth Elementalist began the
                  | quest for the Orb.
     0 | D:1      | Reached XP level 1. HP: 10/10 MP: 6/6
   143 | D:1      | Reached XP level 2. HP: 15/15 MP: 3/8
   147 | D:1      | Learned a level 2 spell: Passwall
  1010 | D:2      | Reached XP level 3. HP: 19/19 MP: 8/10
  1107 | D:2      | Mangled by an orc priest

Illustrated notes

Levels and vault maps discovered:
D:1:      amcnicky_arrival_abandoned_market, layout_loops_corners,
          roderic_serpentine_path, minmay_tripent
D:2:      layout_basic

Skill      XL: |  1  2 |
---------------+-------+-----
Spellcasting   | 4 |  4.5
Earth Magic    | 4 |  4.4
Dodging        | |  2.4
Stealth        | |  2.4
Transmutations | |  1.1

Action                     || total
---------------------------++-------
   Cast: Sandblast         ||    39
    Use: Potion            ||     1
 Armour: Robe              ||     4
  Dodge: Dodged            ||     9
